Map: [ESL] Crimson Court

Players

VITSolar (Solar) - Winner!

  • Race: Zerg Zerg
  • League: Master
  • Spawn Location: 7:00

Geralt (Gerald)

  • Race: Protoss Protoss
  • League: Master
  • Spawn Location: 1:00

Event: Bellum Gens Elite Stara Zagora 2024

VOD

Have the link to the VOD?

Description

Time

  • Played on: Sept. 7, 2024, 6:25 a.m.
  • Length: 15:02

All games in this series

Show
View Real Time Build Order
Export as new Build Order

VITSolar Zerg - Winner!

Build Orders: Hatch First, Lurkers, Swarm Host 

Get SALT Encoding   

  12  0:00  Drone  
  13  0:12  Overlord  
  13  0:17  Drone  
  14  0:35  Drone x2  
  16  0:46  Drone  
  17  0:56  Hatchery  
  17  0:57  Drone  
  17  0:58  Drone  
  18  1:11  Extractor  
  18  1:14  Spawning Pool  
  18  1:17  Drone  
  17  1:19  Drone  
  18  1:29  Drone  
  19  1:40  Drone  
  20  1:53  Overlord  
  20  2:01  Queen  
  20  2:08  Queen, Zergling x4  
  24  2:12  Drone  
  24  2:13  Metabolic Boost  
  27  2:18  Drone  
  28  2:24  Drone  
  28  2:29  Drone  
  30  2:39  Hatchery  
  30  2:41  Drone  
  30  2:46  Queen  
  30  2:51  Overlord  
  32  2:56  Drone x3  
  35  3:01  Zergling x2  
  36  3:08  Queen  
  36  3:11  Drone x2  
  36  3:12  Zergling x2  
  41  3:17  Drone  
  41  3:18  Overlord  
  42  3:25  Queen  
  42  3:34  Drone x3  
  42  3:37  Drone  
  44  3:42  Drone x3  
  44  3:46  Queen  
  49  3:52  Drone  
  49  3:53  Queen  
  49  3:54  Spore Crawler  
  51  3:56  Zergling x2  
  51  3:58  Zergling x2  
  51  4:00  Overlord  
  53  4:07  Drone  
  53  4:09  Drone x4  
  57  4:15  Overlord  
  57  4:19  Drone x4  
  61  4:25  Overlord  
  61  4:26  Spore Crawler  
  61  4:27  Drone  
  61  4:29  Overlord  
  61  4:31  Zergling x2  
  61  4:35  Zergling x6  
  61  4:37  Zergling x2  
  64  4:40  Spore Crawler  
  64  4:41  Drone  
  64  4:44  Roach Warren  
  63  4:47  Spore Crawler  
  63  4:49  Evolution Chamber  
  63  4:50  Drone x2  
  62  4:55  Drone x2  
  62  4:56  Drone x2  
  68  5:00  Drone x2  
  68  5:02  Drone x3  
  68  5:06  Drone x2  
  75  5:10  Lair  
  75  5:12  Overlord  
  75  5:17  Drone, Extractor  
  75  5:18  Drone, Evolution Chamber  
  75  5:22  Drone x3  
  75  5:23  Drone  
  75  5:25  Extractor  
  75  5:26  Drone x2  
  75  5:27  Drone  
  81  5:30  Overlord  
  81  5:32  Drone  
  81  5:33  Drone  
  81  5:34  Drone  
  84  5:37  Extractor  
  84  5:38  Zergling x8  
  87  5:43  Zergling x2  
  88  5:53  Drone x3, Overlord  
  88  5:54  Extractor x2  
  88  5:55  Zergling x6  
  92  6:00  Zerg Missile Weapons Level 1  
  92  6:01  Overlord x2  
  92  6:03  Overlord  
  90  6:06  Drone  
  90  6:07  Drone  
  90  6:09  Overlord  
  88  6:17  Drone x2  
  84  6:20  Hatchery, Roach x4  
  84  6:21  Zergling x6  
  84  6:22  Zergling x2  
  84  6:24  Zergling x4  
  95  6:28  Glial Reconstitution  
  95  6:32  Infestation Pit  
  94  6:34  Drone  
  94  6:35  Drone x2  
  94  6:36  Overseer  
  97  6:40  Drone  
  97  6:46  Roach x3  
  104  6:50  Overlord, Roach  
  104  6:51  Drone  
  107  6:56  Roach  
  107  6:58  Drone  
  107  6:59  Roach x6  
  122  7:05  Unknown  
  122  7:06  Overlord  
  121  7:08  Drone x2  
  122  7:17  Overlord x2  
  122  7:20  Overseer  
  122  7:22  Overlord  
  122  7:26  Swarm Host x5  
  137  7:32  Overlord  
  137  7:34  Swarm Host x2  
  143  7:41  Zergling x10  
  145  7:46  Swarm Host x4  
  157  7:52  Swarm Host  
  157  7:54  Zerg Missile Weapons Level 2, Overlord x2  
  157  7:55  Roach x2  
  164  7:58  Roach  
  164  7:59  Roach  
  162  8:10  Roach x8  
  170  8:17  Nydus Network  
  170  8:18  Roach x3  
  168  8:21  Queen  
  168  8:22  Zergling x2  
  168  8:25  Ravager  
  168  8:26  Ravager  
  173  8:31  Ravager  
  174  8:34  Overlord  
  174  8:35  Zergling x16  
  174  8:38  Zergling x2  
  174  8:40  Overlord  
  183  8:44  Roach x2  
  183  8:48  Ravager  
  184  8:49  Overlord  
  184  8:51  Overlord, Roach  
  184  8:54  Roach x2  
  182  8:59  Nydus Canal  
  182  9:00  Roach x3  
  184  9:05  Roach  
  184  9:06  Hydralisk Den  
  184  9:08  Roach  
  180  9:15  Roach x4  
  183  9:18  Nydus Canal  
  183  9:19  Roach  
  183  9:20  Roach  
  183  9:22  Roach  
  183  9:23  Roach  
  187  9:25  Roach  
  187  9:30  Hive  
  184  9:32  Ravager  
  184  9:33  Zergling x2  
  184  9:34  Zergling x6  
  184  9:39  Drone x4  
  184  9:40  Drone  
  184  9:41  Drone  
  184  9:43  Drone  
  189  9:47  Ravager x3  
  189  9:48  Roach x2  
  189  9:50  Grooved Spines  
  193  9:56  Zergling x10  
  192  10:02  Hydralisk x2  
  184  10:07  Lurker Den  
  184  10:09  Hydralisk x2  
  167  10:17  Hydralisk  
  167  10:18  Hydralisk  
  161  10:23  Zergling x6  
  161  10:26  Roach  
  160  10:28  Roach  
  160  10:29  Roach  
  160  10:35  Nydus Canal  
  164  10:37  Ravager  
  153  10:43  Roach x6  
  153  10:49  Muscular Augments, Hydralisk x2  
  157  10:51  Zergling x2  
  157  10:54  Zergling x4  
  157  10:55  Drone  
  157  10:56  Drone  
  166  11:04  Drone x2  
  163  11:06  Seismic Spines  
  163  11:07  Lurker x4  
  167  11:13  Lurker x2  
  167  11:16  Drone x3  
  167  11:18  Drone  
  161  11:21  Drone  
  161  11:24  Hydralisk x2  
  164  11:27  Zergling x2  
  164  11:28  Zergling x4  
  166  11:34  Hydralisk x2  
  166  11:39  Lurker  
  166  11:40  Overseer, Lurker  
  166  11:42  Zergling x8  
  171  11:52  Viper x2  
  171  11:54  Viper  
  177  12:00  Hydralisk x3  
  186  12:04  Nydus Canal  
  186  12:05  Zergling x10  
  191  12:15  Hydralisk x2  
  193  12:18  Drone  
  194  12:29  Zergling x12  
  200  12:35  Hydralisk  
  197  12:45  Hydralisk  
  197  12:48  Nydus Canal  
  199  12:58  Hatchery  
  197  13:05  Nydus Canal  
  197  13:15  Adaptive Talons  
  196  13:20  Extractor  
  196  13:22  Nydus Canal  
  196  13:23  Hydralisk x3  
  200  13:30  Zergling x2  
  199  13:51  Nydus Canal  
  191  14:17  Lurker x8  
  191  14:20  Nydus Canal  
  199  14:28  Zergling x6  
  199  14:29  Zergling x2  
  199  14:30  Zergling x4  
  196  14:40  Zergling x6  
  196  14:42  Nydus Canal  
Show
View Real Time Build Order
Export as new Build Order

Geralt Protoss 

Build Orders: 1 Gate Expand, Oracle Opening 

Get SALT Encoding   

  12  0:00  Probe  
  13  0:12  Probe  
  14  0:19  Pylon  
  14  0:24  Probe  
  15  0:37  Probe (Chrono Boost)  
  15  0:41  Gateway  
  16  0:49  Probe (Chrono Boost)  
  17  0:51  Assimilator  
  17  0:55  Probe (Chrono Boost)  
  18  1:04  Probe  
  19  1:16  Probe  
  20  1:26  Nexus  
  20  1:30  Probe  
  21  1:40  Cybernetics Core  
  21  1:43  Probe  
  22  1:47  Assimilator  
  22  1:54  Pylon  
  22  1:56  Probe  
  23  2:12  Probe  
  23  2:14  Adept (Chrono Boost)  
  26  2:24  Probe, Stargate  
  27  2:34  Warp Gate  
  27  2:35  Adept (Chrono Boost)  
  27  2:36  Probe  
  28  2:40  Probe  
  31  2:48  Probe  
  32  2:52  Probe  
  33  2:58  Adept  
  33  3:00  Probe  
  33  3:04  Probe  
  37  3:08  Oracle (Chrono Boost)  
  40  3:13  Probe  
  40  3:16  Probe, Pylon  
  42  3:25  Probe  
  44  3:37  Probe  
  44  3:39  Oracle (Chrono Boost)  
  44  3:40  Nexus  
  44  3:41  Probe  
  44  3:51  Gateway  
  44  3:52  Probe  
  44  3:54  Probe  
  46  4:04  Probe  
  46  4:06  Probe  
  48  4:11  Pylon  
  48  4:16  Probe  
  49  4:17  Gateway  
  49  4:18  Probe  
  49  4:21  Gateway  
  49  4:23  Stalker  
  52  4:26  Assimilator  
  52  4:27  Assimilator  
  52  4:28  Probe  
  53  4:31  Probe  
  54  4:41  Probe  
  54  4:43  Probe  
  56  4:46  Twilight Council  
  56  4:48  Forge  
  56  4:49  Pylon  
  56  4:53  Probe  
  56  4:54  Adept x2  
  56  4:56  Probe (Chrono Boost)  
  59  5:01  Probe (Chrono Boost)  
  59  5:02  Pylon  
  59  5:05  Probe (Chrono Boost)  
  61  5:08  Probe (Chrono Boost)  
  61  5:13  Probe (Chrono Boost)  
  64  5:15  Probe (Chrono Boost)  
  64  5:16  Stalker x2, Probe (Chrono Boost)  
  64  5:17  Stalker, Blink (Chrono Boost)  
  64  5:19  Stalker, Probe (Chrono Boost)  
  74  5:22  Probe  
  74  5:25  Probe  
  76  5:29  Protoss Ground Weapons Level 1 (Chrono Boost)  
  76  5:30  Probe  
  76  5:34  Probe  
  78  5:44  Probe x2  
  78  5:49  Probe  
  81  5:50  Gateway  
  81  5:51  Gateway  
  81  5:54  Pylon  
  81  5:56  Probe  
  82  5:59  Stalker x3  
  82  6:00  Zealot  
  82  6:03  Oracle  
  87  6:18  Probe  
  86  6:19  Probe  
  83  6:26  Stalker x4  
  83  6:27  Probe  
  93  6:37  Gateway  
  93  6:38  Gateway  
  93  6:40  Pylon  
  92  6:47  Nexus  
  92  6:48  Assimilator, Pylon  
  92  6:52  Probe (Chrono Boost)  
  95  6:56  Pylon  
  95  6:59  Probe (Chrono Boost)  
  95  7:00  Probe (Chrono Boost)  
  95  7:10  Stalker x2  
  95  7:11  Stalker  
  101  7:17  Stalker x3, Protoss Ground Weapons Level 2  
  101  7:20  Shield Battery, Probe  
  108  7:24  Probe x2  
  108  7:27  Gateway  
  110  7:32  Probe  
  110  7:34  Pylon  
  110  7:35  Robotics Facility  
  109  7:44  Stalker x6  
  109  7:46  Probe  
  109  7:49  Probe  
  124  7:53  Zealot  
  124  7:58  Charge (Chrono Boost)  
  125  8:01  Shield Battery  
  125  8:03  Unknown  
  125  8:11  Stalker x4  
  125  8:12  Stalker x2  
  133  8:24  Gateway  
  133  8:26  Stalker x3, Gateway  
  137  8:27  Probe  
  137  8:33  Probe  
  139  8:41  Zealot x4  
  147  8:46  Probe  
  148  8:49  Robotics Bay  
  148  9:00  Stalker x4  
  148  9:09  Zealot x4  
  146  9:10  Zealot  
  142  9:19  Stalker  
  142  9:29  Probe  
  133  9:32  Oracle  
  133  9:34  Stalker x2  
  133  9:35  Stalker x4  
  148  9:44  Probe  
  148  9:45  Pylon  
  140  9:47  Pylon  
  140  9:49  Pylon  
  140  9:51  Pylon  
  138  9:52  Zealot x2  
  138  9:53  Zealot x3, Pylon  
  148  10:03  Disruptor  
  146  10:13  Stalker x5  
  146  10:14  Stalker x5  
  140  10:22  Probe  
  124  10:29  Zealot  
  124  10:30  Probe  
  124  10:34  Probe, Pylon  
  124  10:35  Pylon  
  120  10:37  Disruptor (Chrono Boost), Probe  
  120  10:38  Probe  
  120  10:42  Probe  
  125  10:44  Shield Battery  
  125  10:47  Probe  
  126  10:51  Zealot x2  
  126  10:52  Zealot x4, Robotics Facility  
  138  10:57  Stalker x2  
  142  11:04  Disruptor  
  142  11:05  Stalker x2  
  142  11:06  Probe  
  146  11:15  Probe  
  110  11:21  Stalker x6  
  110  11:23  Unknown  
  118  11:37  Zealot  
  118  11:38  Zealot x3  
  118  11:42  Observer  
  119  11:47  Probe  
  119  11:51  Zealot x2  
  119  11:52  Zealot x4  
  132  11:55  Probe  
  132  11:57  Probe  
  132  11:58  Templar Archives  
  132  12:01  Probe  
  135  12:06  Immortal  
  137  12:08  Probe  
  137  12:10  Unknown  
  137  12:11  Zealot x3  
  144  12:20  Zealot  
  144  12:21  Zealot  
  148  12:27  Stalker x4  
  148  12:29  Psionic Storm  
  146  12:37  Zealot x4  
  141  12:45  Observer  
  141  12:48  Probe  
  129  13:04  Nexus  
  129  13:05  Pylon  
  121  13:09  High Templar x5  
  131  13:13  Archon x2  
  121  13:30  High Templar  
  123  13:35  Photon Cannon  
  123  13:36  Shield Battery  
  123  13:37  Pylon  
  123  13:38  Stalker  
  119  13:45  Immortal  
  116  13:55  High Templar  
  110  14:06  Zealot x9  
  128  14:11  Probe  
  119  14:22  Assimilator  
  111  14:26  Zealot x3  
  117  14:35  Zealot x3  
Tags
 
Add a new tag
Caveats
  • Supply blocks, unpowered buildings, or Contaminate may cause inaccurate times.
  • Supply counts are checked every 10 seconds.